 Dungeon Crawl Stone Soup version 0.27.1-1-g398f81649c (webtiles) character file.

Game seed: 14274146413835593023

46 speeev33 the Skirmisher (level 3, 0/33 HPs)
             Began as a Hill Orc Fighter on Sept 12, 2021.
             Slain by a gnoll (3 damage)
             ... on level 3 of the Dungeon.
             The game lasted 00:02:10 (2537 turns).

speeev33 the Skirmisher (Hill Orc Fighter)          Turns: 2537, Time: 00:02:14

Health: 0/33       AC:  7    Str: 19    XL:     3   Next: 68%
Magic:  3/3        EV:  7    Int:  8    God:
Gold:   52         SH:  9    Dex: 10    Spells: 2/2 levels left

rFire    . . .     SeeInvis .   a - +0 war axe
rCold    . . .     Faith    .   c - +0 kite shield
rNeg     . . .     Spirit   .   b - +0 scale mail
rPois    .         Reflect  .   (no helmet)
rElec    .         Harm     .   (no cloak)
rCorr    .         Rampage  .   (no gloves)
Will     .....                  (no boots)
Stlth    ..........             (no amulet)
HPRegen  0.11/turn              (no ring)
MPRegen  0.08/turn              (no ring)

@: lethally poisoned (0 -> -15)
A: no striking features
a: no special abilities


You were on level 3 of the Dungeon.
You visited 1 branch of the dungeon, and saw 3 of its levels.

You collected 52 gold pieces.

Inventory:

Hand Weapons
 a - a +0 war axe (weapon)
Armour
 b - a +0 scale mail (worn)
 c - a +0 kite shield (worn)
Scrolls
 e - a scroll of fog
 f - 2 scrolls of teleportation
Potions
 d - a potion of might
 g - a potion of attraction
 h - a potion of lignification {unknown}
 i - a potion of degeneration {unknown}
 j - a potion of haste {unknown}
 k - a potion of brilliance {unknown}


   Skills:
 + Level 4.1 Fighting
 + Level 3.4 Axes
 + Level 3.8 Armour
 + Level 3.7 Shields


You had 2 spell levels left.
You didn't know any spells.
Your spell library contained the following spells:

 Spells                   Type           Power      Damage    Failure   Level
 Blink                    Tloc           N/A        N/A       100%        2
 Lesser Beckoning         Tloc           0%         N/A       100%        3
 Manifold Assault         Tloc           0%         N/A       100%        5


Dungeon Overview and Level Annotations

Branches:
Dungeon (3/15)

Altars:

Shops:
D:1 [=!


Message History

The gnoll hits you with a +0 spear.
* * * LOW HITPOINT WARNING * * *
The gnoll hits you from afar with a +0 spear.
* * * LOW HITPOINT WARNING * * *
The gnoll hits you from afar with a +0 spear.
* * * LOW HITPOINT WARNING * * *
There is a stone staircase leading up here.
Found a stone staircase leading up.
The gnoll barely misses you.
There is a stone staircase leading up here.
The gnoll hits you but does no damage.
You climb upwards.
There is a stone staircase leading down here.
You start resting.
HP restored.
You climb downwards.
You block the gnoll's attack.
There is a stone staircase leading up here.
You block the gnoll's attack. The gnoll barely misses you.
You block the gnoll's attack. x2; The gnoll hits you but does no damage.
You slash the gnoll!
The gnoll is severely wounded.
You hit the gnoll. x2; You block the gnoll's attack.
The gnoll hits you but does no damage. You block the gnoll's attack.
The gnoll hits you with a +0 spear!
You closely miss the gnoll.
The gnoll is severely wounded.
You hit the gnoll. You hit the gnoll but do no damage.
The gnoll hits you with a +2 halberd of venom!
You are lethally poisoned!
The gnoll hits you with a +0 spear.
* * * LOW HITPOINT WARNING * * *
You block the gnoll's attack. The gnoll hits you but does no damage.
You block the gnoll's attack.
You slash the gnoll!
You kill the gnoll!
You hit the gnoll. x2
You kill the gnoll!
* * * LOW HITPOINT WARNING * * *
You feel extremely sick. The gnoll hits you with a +0 spear.
You die...

#.....#.......#
#..#.#.......#
..........(..
#..#......>#
###.#.......#
#...........#
#..#..)####### #
##...<..#########
##.......)@.<..#
###<.....)g...#
#........####
#.######## #.#
#.# ... >.. ...


You could see a gnoll.

Vanquished Creatures
  3 gnolls (D:3)
  A worm (D:2)
  2 dart slugs (D:1)
  4 endoplasms
  A giant cockroach (D:1)
  3 goblins
  3 hobgoblins (D:1)
  2 quokkas (D:2)
  3 ball pythons
  3 bats
  A frilled lizard (D:1)
  2 kobolds
  2 rats
30 creatures vanquished.

Notes
Turn   | Place    | Note
-------+----------+-------------------------------------------
     0 | D:1      | speeev33 the Hill Orc Fighter began the quest for the Orb.
     0 | D:1      | Reached XP level 1. HP: 19/19 MP: 1/1
   257 | D:1      | Found Orchiwn's Armour Shoppe.
   263 | D:1      | Reached XP level 2. HP: 22/27 MP: 2/2
   380 | D:1      | Found a faded altar of an unknown god.
  1132 | D:1      | Found Guixtetz's Distillery.
  1184 | D:1      | Found Nuhemij's Jewellery Shop.
  1411 | D:2      | Reached skill level 4 in Fighting
  1411 | D:2      | Reached XP level 3. HP: 33/33 MP: 3/3
  2242 | D:3      | HP: 1/33 [gnoll (1)]
  2537 | D:3      | Slain by a gnoll

Illustrated notes

Levels and vault maps discovered:
D:1:      roderic_dead_forest, layout_basic,
          shapermc_ecumenical_altar_mp_urbaneastern, serial_shops, shop, shop,
          nicolae_shop_statue_plus
D:2:      layout_basic
D:3:      layout_rooms, lemuel_crystal_altar, nicolae_sif_muna_little_library,
          ebering_ghost_sewer_d, amethyst_killhole

Skill      XL: |  1  2 |
---------------+-------+-----
Axes           | 3 |  3.4
Fighting       | 4 |  4.1
Armour         | |  3.8
Shields        | |  3.7

Action                   || total
-------------------------++-------
Melee: War axe           ||    79
  Use: Scroll            ||     4
Armor: Scale mail        ||    54
Dodge: Dodged            ||    21
Block: Kite shield       ||    46
